 Dungeon Crawl Stone Soup version 0.29-a0-416-g83a48905f1 (webtiles) character file.

Game seed: 7785055532126233351

122 bromine the Cudgeller (level 4, -5/61 HPs)
             Began as a Minotaur Berserker on May 16, 2022.
             Was a Believer of Trog.
             Slain by a gnoll
             ... wielding a +0 club
              (6 damage)
             ... on level 2 of the Dungeon.
             The game lasted 00:03:19 (1909 turns).

bromine the Cudgeller (Minotaur Berserker)          Turns: 1909, Time: 00:03:20

Health: -5/61      AC:  9    Str: 24    XL:     4   Next: 78%
Magic:  3/3        EV:  8    Int:  4    God:    Trog [**....]
Gold:   112        SH:  0    Dex:  9    Spells: 3/3 levels left

rFire   . . .      SeeInvis .   a - +0 mace
rCold   . . .      Faith    .   (no shield)
rNeg    . . .      Spirit   .   e - +0 chain mail
rPois   .          Reflect  .   (helmet restricted)
rElec   .          Harm     .   (no cloak)
rCorr   .          Rampage  .   (no gloves)
Will    .....                   (no boots)
Stlth   ..........              (no amulet)
HPRegen 0.20/turn               (no ring)
MPRegen 0.08/turn               (no ring)

@: berserking, very quick
A: horns 2, retaliatory headbutt
a: Renounce Religion, Berserk, Trog's Hand


You were on level 2 of the Dungeon.
You worshipped Trog.
Trog was pleased with you.
You visited 1 branch of the dungeon, and saw 2 of its levels.

You collected 112 gold pieces.

Inventory:

Hand Weapons
 a - a +0 mace (weapon)
 c - a +0 mace
 o - a +0 hand axe
Armour
 b - a +0 animal skin
 e - a +0 chain mail (worn)
Scrolls
 d - a scroll of identify {unknown}
 g - 2 scrolls of teleportation {unknown}
 h - a scroll of fear {unknown}
 j - a scroll of brand weapon {unknown}
 l - a scroll of acquirement {unknown}
 m - a scroll of vulnerability {unknown}
 n - 2 scrolls of blinking {unknown}
 p - a scroll of magic mapping {unknown}
Potions
 f - a potion of attraction {unknown}
 i - a potion of lignification {unknown}
 k - 2 potions of curing {unknown}


   Skills:
 + Level 4.4 Fighting
 + Level 5.1 Maces & Flails
 + Level 3.4 Armour
 + Level 2.8 Dodging
 + Level 0.6 Stealth


You had 3 spell levels left.
You didn't know any spells.
Your spell library was empty.

Dungeon Overview and Level Annotations

Branches:
Dungeon (2/15)

Altars:


Innate Abilities, Weirdness & Mutations

You have a pair of horns on your head.
You reflexively headbutt those who attack you in melee.


Message History

You hit the hobgoblin.
The hobgoblin is heavily wounded.
The hobgoblin barely misses you. You furiously retaliate!
You headbutt the hobgoblin.
You kill the hobgoblin!
Trog accepts your kill.
A gnoll and an endoplasm come into view.
The gnoll shouts!
The endoplasm quivers.
A gnoll comes into view. It is wielding a +0 club.
There are monsters nearby!
There are monsters nearby!
There are monsters nearby!
A gnoll comes into view. It is wielding a +0 halberd.
Found a ring mail.
The gnoll shouts!
A gnoll comes into view. It is wielding a +0 club.
A worm comes into view.
The gnoll shouts!
You hit the endoplasm.
You kill the endoplasm!
Trog accepts your kill.
The gnoll hits you from afar with a +0 halberd.
The gnoll hits you from afar with a +0 halberd!
The gnoll closely misses you. The gnoll hits you but does no damage.
The gnoll hits you with a +0 club.
You hit the gnoll but do no damage. The gnoll barely misses you.
You furiously retaliate!
You headbutt the gnoll!
The gnoll hits you from afar with a +0 halberd!
The gnoll hits you with a +0 club.
* * * LOW HITPOINT WARNING * * *
A goblin comes into view. It is wielding a +0 club.
The gnoll hits you but does no damage.
A red film seems to cover your vision as you go berserk!
You feel yourself moving faster!
You feel mighty!
The goblin shouts!
The gnoll hits you from afar with a +0 halberd!
* * * LOW HITPOINT WARNING * * *
The gnoll hits you with a +0 club.
You die...

#.....#..##..###.##..
#.....#.####.###.##.>
#.....#.# #.##..##..
#.....### #....#####
#.#.### ###..#####
#.#..# ##..#.... #.##.#
#........ ####....#
####.#...... #.....g@#
#....#...... #.....gg#
##....#...... #.....g.#
#≈<..........
#......w.(.≈≈≈...#......
#.......##..≈≈..##......
...[....#####≈≈.###.....
#..g..... ..≈≈.........
##..##### ###.≈....##.##
#.≈....#..#


You could see a worm, 4 gnolls and a goblin.

Vanquished Creatures
  Natasha (thrice) (D:2)
  A dart slug (D:1)
  3 bats
  4 endoplasms
  3 giant cockroaches (D:1)
  4 goblins
  5 hobgoblins
  8 jackals (D:1)
  A quokka (D:1)
  3 ball pythons
  2 frilled lizards (D:1)
  4 kobolds
  A rat (D:2)
42 creatures vanquished.

Notes
Turn   | Place    | Note
-------+----------+-------------------------------------------
     0 | D:1      | bromine the Minotaur Berserker began the quest for the Orb.
     0 | D:1      | Reached XP level 1. HP: 19/19 MP: 0/0
   354 | D:1      | Reached XP level 2. HP: 26/27 MP: 1/1
   366 | D:1      | Reached skill level 4 in Maces & Flails
   601 | D:1      | Found a faded altar of an unknown god.
   678 | D:1      | Reached ** piety under Trog
   745 | D:1      | Reached XP level 3. HP: 33/33 MP: 2/2
  1304 | D:2      | Noticed Natasha
  1313 | D:2      | Killed Natasha
  1330 | D:2      | Noticed Natasha
  1341 | D:2      | Killed Natasha
  1342 | D:2      | Reached XP level 4. HP: 10/41 MP: 3/3
  1410 | D:2      | Noticed Natasha
  1415 | D:2      | Killed Natasha
  1416 | D:2      | Reached skill level 5 in Maces & Flails
  1909 | D:2      | HP: 1/61 [gnoll/+0 halberd (12)]
  1909 | D:2      | Slain by a gnoll

Illustrated notes

Levels and vault maps discovered:
D:1:      eino_arrival_water_cross, layout_basic,
          hellmonk_ecumenical_altar_arch_garden
D:2:      layout_rooms, chequers_serial_rivers_small_a, st_stairs_12,
          chequers_serial_rivers_micro_a, minmay_crystal_room,
          lemuel_old_faithful, uniq_natasha

Skill      XL: |  1  2  3  4 |
---------------+-------------+-----
Fighting       | 4 |  4.4
Maces & Flails | 4 5 |  5.1
Armour         | 3 |  3.4
Dodging        | |  2.8
Stealth        | |  0.6

Action                   |  1- 3 |  4- 6 || total
-------------------------+-------+-------++-------
Melee: Mace              |    58 |    20 ||    78
       Headbutt          |     4 |     2 ||     6
       Punch             |       |     1 ||     1
Invok: Berserk           |     1 |     2 ||     3
 Stab: Distracted        |     1 |       ||     1
Armor: Chain mail        |    49 |    15 ||    64
       Animal skin       |     2 |       ||     2
Dodge: Dodged            |    52 |    15 ||    67

Table legend: (Time is in decaauts)
 A = Elapsed time spent in this place.
 B = Non-inter-level travel time spent in this place.
 C = Inter-level travel time spent in this place.
 D = Time resting spent in this place.
 E = Time spent auto-exploring this place.
 F = Levels seen in this place.
 G = Mean time per level.
                   A        B        C        D        E       F      G
               +--------+--------+--------+--------+--------+-----+--------+
         Total |   1954 |   1954 |      0 |    608 |    829 |   2 |  977.0 |
       Dungeon |   1954 |   1954 |      0 |    608 |    829 |   2 |  977.0 |
               +--------+--------+--------+--------+--------+-----+--------+

Top non-repeatable levels by time:
     D:1: 1297 daAuts
     D:2: 656 daAuts
